Map: [ESL] Oceanborn

Players

ShoWTimE - Winner!

  • Race: Protoss Protoss
  • League: Master
  • Spawn Location: 11:00

RedpackCuKu (CuKu)

  • Race: Terran Terran
  • Spawn Location: 5:00

Event: HomeStory Cup XXV

VOD

Have the link to the VOD?

Description

Time

  • Played on: June 22, 2024, 6:16 a.m.
  • Length: 6:35

All games in this series

Show
View Real Time Build Order
Export as new Build Order

ShoWTimE Protoss - Winner!

Build Orders: 1 Gate Expand, Blink Stalkers 

Get SALT Encoding   

  12  0:00  Probe  
  13  0:12  Probe  
  14  0:17  Pylon  
  14  0:24  Probe (Chrono Boost)  
  15  0:36  Gateway, Probe (Chrono Boost)  
  16  0:44  Probe (Chrono Boost)  
  16  0:45  Assimilator  
  17  0:50  Probe  
  18  1:03  Probe  
  19  1:15  Probe  
  20  1:22  Cybernetics Core  
  20  1:32  Nexus  
  20  1:35  Probe  
  21  1:41  Pylon  
  21  1:47  Probe  
  22  1:50  Assimilator  
  22  1:57  Adept (Chrono Boost)  
  22  1:59  Warp Gate (Chrono Boost), Probe  
  25  2:11  Probe  
  26  2:17  Stalker (Chrono Boost)  
  28  2:23  Probe  
  29  2:31  Shield Battery  
  29  2:35  Probe  
  30  2:43  Stalker  
  32  2:44  Probe  
  32  2:47  Probe  
  34  2:54  Gateway  
  34  2:56  Probe  
  35  2:59  Probe  
  36  3:08  Probe  
  36  3:11  Probe  
  36  3:12  Twilight Council  
  36  3:20  Probe  
  36  3:21  Pylon  
  36  3:23  Probe  
  36  3:25  Robotics Facility  
  38  3:33  Probe  
  39  3:35  Probe  
  39  3:39  Blink (Chrono Boost)  
  39  3:40  Stalker  
  42  3:45  Probe  
  42  3:48  Stalker, Probe  
  44  3:52  Pylon  
  44  3:55  Assimilator  
  46  3:57  Probe  
  46  4:00  Probe  
  48  4:06  Stalker  
  48  4:09  Pylon, Probe  
  51  4:12  Observer  
  51  4:15  Probe  
  53  4:24  Nexus  
  53  4:26  Probe  
  53  4:28  Probe  
  55  4:31  Observer  
  55  4:32  Assimilator  
  55  4:36  Stalker  
  58  4:39  Stalker  
  58  4:42  Probe x2  
  62  4:49  Pylon  
  62  4:54  Probe  
  62  4:55  Probe  
  64  5:00  Robotics Bay  
  64  5:06  Probe  
  65  5:07  Shield Battery  
  65  5:10  Stalker x2  
  68  5:16  Shield Battery  
  68  5:17  Immortal (Chrono Boost)  
  72  5:28  Gateway  
  72  5:34  Sentry  
  72  5:35  Shield Battery  
  74  5:38  Probe x3  
  77  5:44  Stalker  
  79  5:50  Probe, Immortal (Chrono Boost)  
  84  5:58  Pylon  
  84  6:02  Stalker  
  78  6:11  Stalker  
  74  6:29  Gateway  
  74  6:31  Gateway  
Show
View Real Time Build Order
Export as new Build Order

RedpackCuKu Terran 

Build Orders: Cyclone Opening 

Get SALT Encoding   

  12  0:00  SCV  
  13  0:12  SCV  
  14  0:17  Supply Depot  
  14  0:25  SCV  
  15  0:28  Refinery  
  15  0:38  SCV  
  16  0:44  Barracks  
  16  0:50  SCV  
  17  1:02  SCV  
  18  1:14  SCV  
  19  1:31  Marine  
  20  1:34  Factory  
  20  1:48  Command Center  
  20  1:53  Barracks Reactor  
  20  2:00  Supply Depot  
  20  2:12  Orbital Command  
  20  2:21  Factory Tech Lab  
  20  2:23  Cyclone  
  22  2:37  SCV  
  22  2:43  Marine, Barracks  
  24  2:45  Marine  
  24  2:50  SCV  
  26  3:06  Marine  
  26  3:09  Marine  
  26  3:12  Orbital Command  
  26  3:17  Barracks  
  26  3:25  SCV  
  26  3:26  Marine x2, Factory Tech Lab  
  29  3:31  Barracks Tech Lab  
  29  3:38  SCV x2  
  31  3:46  Siege Tank  
  34  3:50  Supply Depot  
  34  3:51  Combat Shield  
  34  3:54  Marine x3  
  37  4:06  Marine  
  37  4:09  Supply Depot  
  38  4:11  Marine  
  38  4:12  Marine x2  
  42  4:17  SCV  
  42  4:18  SCV  
  43  4:24  Marine  
  43  4:29  Marine x3  
  47  4:32  SCV  
  47  4:35  Refinery  
  47  4:37  Siege Tank  
  51  4:42  Marine, Engineering Bay  
  52  4:47  SCV, Marine x3  
  52  4:52  Supply Depot  
  56  4:55  SCV  
  56  4:59  Marine  
  57  5:06  Marine  
  59  5:12  Siege Tank  
  62  5:15  Marine  
  62  5:17  Marine x2  
  63  5:24  Marine  
  63  5:33  Marine  
  63  5:35  Marine  
  64  5:39  SCV  
  64  5:46  Marine  
  64  5:48  Marine  
  65  5:51  Marine  
  66  5:58  Marine, Bunker  
  66  6:04  Marine  
  66  6:06  Marine  
  66  6:09  Marine  
  67  6:16  Marine  
Tags
 
Add a new tag
Caveats
  • Supply blocks, unpowered buildings, or Contaminate may cause inaccurate times.
  • Supply counts are checked every 10 seconds.